 Dungeon Crawl Stone Soup version 0.29-a0-1009-g60c99734e7 (webtiles) character file.

Game seed: 9104986684892097818

123 2tc the Firebug (level 5, -1/38 HPs)
             Began as a Hill Orc Fire Elementalist on Aug 8, 2022.
             Killed from afar by an orc wizard (8 damage)
             ... with a magic dart
             ... on level 4 of the Dungeon.
             The game lasted 00:10:01 (3235 turns).

2tc the Firebug (Hill Orc Fire Elementalist)        Turns: 3235, Time: 00:10:02

Health: -1/38      AC:  5    Str: 10 (11) XL:     5   Next: 7%
Magic:  1/7        EV: 11    Int: 16 (17) God:
Gold:   127        SH:  0    Dex:  8 (11) Spells: 4/7 levels left

rFire   . . .      SeeInvis .   c - +0 whip
rCold   . . .      Faith    .   (no shield)
rNeg    . . .      Spirit   .   a - +0 robe
rPois   .          Reflect  .   (no helmet)
rElec   .          Harm     .   (no cloak)
rCorr   .          Rampage  .   (no gloves)
Will    .....                   f - +2 pair of boots
Stlth   +.........              (no amulet)
HPRegen 0.12/turn               (no ring)
MPRegen 0.10/turn               (no ring)

@: confused, brilliant
A: no striking features
a: no special abilities


You were on level 4 of the Dungeon.
You visited 1 branch of the dungeon, and saw 4 of its levels.

You collected 127 gold pieces.

Inventory:

Hand Weapons
 c - a +0 whip (weapon)
 h - a +1 vampiric rapier
Armour
 a - a +0 robe (worn)
 f - a +2 pair of boots (worn)
Scrolls
 k - a scroll of magic mapping {unknown}
 l - a scroll of teleportation
Potions
 b - a potion of magic
 d - a potion of lignification
 e - a potion of invisibility
 g - a potion of attraction


   Skills:
 - Level 1.5 Dodging
 - Level 1.5 Stealth
 - Level 1.5 Spellcasting
 + Level 1.3 Conjurations
 - Level 6.0 Fire Magic


You had 4 spell levels left.
You knew the following spells:

 Your Spells              Type           Power      Damage    Failure   Level
a - Foxfire               Conj/Fire      76%        2x1d7     4%          1
b - Scorch                Fire           60%        2d8       2%          2

Your spell library contained the following spells:

 Spells                   Type           Power      Damage    Failure   Level
 Conjure Flame            Conj/Fire      19%        6-21      14%         3
 Inner Flame              Hex/Fire       16%        N/A       19%         3
 Beastly Appendage        Tmut           2%         N/A       22%         1
 Wereblood                Tmut           1%         N/A       32%         2
 Flame Wave               Conj/Fire      19%        2d7       43%         4
 Spider Form              Tmut/Pois      1%         N/A       54%         3


Dungeon Overview and Level Annotations

Branches:
Dungeon (4/15)
 Temple: D:4-7

Altars:


Message History

The orc wizard is almost dead.
The orc wizard barely misses you.
You hear some strange, mumbled words.
A magic dart appears from out of thin air!
The magic dart hits you.
You hit the orc wizard but do no damage.
The orc wizard is almost dead.
The orc wizard gestures at you while chanting.
You are confused.
Something barely misses you.
You are too confused!
It was a potion of degeneration.
There was something very wrong with that liquid.
You feel weakened.
You feel dopey.
You feel clumsy. The orc wizard closely misses you.
You hear some strange, mumbled words.
You are more confused.
Something hits you but does no damage.
It was a potion of brilliance.
You feel clever all of a sudden.
The orc wizard hits you with a +0 dagger.
You hear some strange, mumbled words.
Something tries to affect you, but you resist.
You hear some strange, mumbled words.
Something tries to affect you, but you resist.
You bump into the rock wall.
The orc wizard hits you with a +0 dagger.
* * * LOW HITPOINT WARNING * * *
Something barely misses you. Something hits you but does no damage.
You are too confused!
Unknown command.
Something hits you.
* * * LOW HITPOINT WARNING * * *
The orc wizard points at you and mumbles some strange words.
You resist with some effort. Something hits you but does no damage.
Something hits you but does no damage.
You're too confused to move!
A magic dart appears from out of thin air!
The magic dart hits you!
You die...

.....## ....... .......
....... .......
###)...... ###og.......
#..{#.ยง..... #####
##@##........ #...#
##..#.........##. #...#
#..#..#####.##...
#...###.....# #......##
#...##...##.# #........
#...#....##.###.....#
#......####.##......#.#
#...####..............#
#...# #...####<...).##


You could see an orc wizard and a gnoll.

Vanquished Creatures
  An orc wizard (D:3)
  A gnoll (D:4)
  2 adders
  A worm (D:2)
  A dart slug (D:1)
  4 orcs (D:3)
  6 ball pythons
  4 bats
  6 endoplasms
  5 giant cockroaches
  5 goblins
  6 hobgoblins
  2 jackals (D:2)
  2 quokkas
  4 frilled lizards
  5 kobolds
  2 rats
57 creatures vanquished.

Vanquished Creatures (others)
  123 foxfires
123 creatures vanquished.

Grand Total: 180 creatures vanquished

Notes
Turn   | Place    | Note
-------+----------+-------------------------------------------
     0 | D:1      | 2tc the Hill Orc Fire Elementalist began the quest for the
                  | Orb.
     0 | D:1      | Reached XP level 1. HP: 14/14 MP: 3/3
    90 | D:1      | Found a faded altar of an unknown god.
   257 | D:1      | Reached XP level 2. HP: 11/20 MP: 1/4
   412 | D:1      | Reached skill level 4 in Fire Magic
  1200 | D:2      | Learned a level 2 spell: Scorch
  1316 | D:2      | Reached XP level 3. HP: 26/26 MP: 3/5
  1734 | D:2      | Reached skill level 5 in Fire Magic
  2428 | D:3      | Reached XP level 4. HP: 33/33 MP: 2/6
  2848 | D:3      | Reached skill level 6 in Fire Magic
  3220 | D:4      | Reached XP level 5. HP: 33/38 MP: 3/7
  3235 | D:4      | Killed from afar by an orc wizard

Illustrated notes

Levels and vault maps discovered:
D:1:      amcnicky_arrival_double_pillar, layout_loops_cross,
          hellmonk_ecumenical_altar_inner_sanctum, chequers_jeans,
          minmay_misc_feat_nine_boxes
D:2:      layout_basic, minmay_strange_pillars, chequers_avenue
D:3:      layout_rooms
D:4:      layout_rooms, minmay_temple_entry_statues_pillars

Skill      XL: |  1  2  3  4 |
---------------+-------------+-----
Fire Magic     | 4 5 6 |  6.0
Dodging        | |  1.5
Stealth        | |  1.5
Spellcasting   | |  1.5
Conjurations   | |  1.3

Action                   |  1- 3 |  4- 6 || total
-------------------------+-------+-------++-------
Melee: Whip              |    84 |    15 ||    99
       Punch             |     1 |       ||     1
 Cast: Foxfire           |    37 |    34 ||    71
       Scorch            |     2 |       ||     2
  Use: Scroll            |     9 |     2 ||    11
       Potion            |       |     4 ||     4
 Stab: Sleeping          |     1 |       ||     1
Armor: Robe              |    34 |    12 ||    46
Dodge: Dodged            |    74 |     9 ||    83

Table legend: (Time is in decaauts)
 A = Elapsed time spent in this place.
 B = Non-inter-level travel time spent in this place.
 C = Inter-level travel time spent in this place.
 D = Time resting spent in this place.
 E = Time spent auto-exploring this place.
 F = Levels seen in this place.
 G = Mean time per level.
                   A        B        C        D        E       F      G
               +--------+--------+--------+--------+--------+-----+--------+
         Total |   3243 |   3157 |     86 |    116 |   2548 |   4 |  810.8 |
       Dungeon |   3243 |   3157 |     86 |    116 |   2548 |   4 |  810.8 |
               +--------+--------+--------+--------+--------+-----+--------+

Top non-repeatable levels by time:
     D:2: 1214 daAuts
     D:1: 1187 daAuts
     D:3: 787 daAuts
     D:4: 54 daAuts
